 Dungeon Crawl Stone Soup version 0.26-a0-665-gefeb406119 (webtiles) character file.

Game seed: 12906458749786668003

126 marklar909 the Skirmisher (level 5, -2/42 HPs)
             Began as a Formicid Abyssal Knight on Oct 14, 2020.
             Was a Believer of Lugonu.
             Killed from afar by Robin (11 damage)
             ... with a puff of flame
             ... on level 4 of the Dungeon.
             The game lasted 00:04:21 (3554 turns).

marklar909 the Skirmisher (Formicid Abyssal Knight) Turns: 3554, Time: 00:04:21

Health: -2/42      AC:  6    Str: 18    XL:     5   Next: 32%
Magic:  6/6        EV: 11    Int: 11    God:    Lugonu [**....]
Gold:   199        SH:  0    Dex: 10    Spells: 4/4 levels left

rFire    . . .     SeeInvis +   a - +1 mace
rCold    . . .     Faith    .   (no shield)
rNeg     . . .     Spirit   .   b - +0 leather armour
rPois    .         Reflect  .   (helmet unavailable)
rElec    .         Harm     .   (no cloak)
rCorr    .         Rampage  .   j - +1 pair of gloves
MR       .....                  o - +0 pair of boots
Stlth    +.........             (no amulet)
HPRegen  0.14/turn              (no ring)
MPRegen  0.10/turn              (no ring)

@: no status effects
A: permanent stasis, dig shafts and tunnels, four strong arms, antennae 3
a: Dig, Shaft Self, Depart the Abyss, Bend Space, Renounce Religion


You were on level 4 of the Dungeon.
You worshipped Lugonu.
Lugonu was pleased with you.
You visited 1 branch of the dungeon, and saw 4 of its levels.
You visited the Abyss 1 time.

You collected 199 gold pieces.

Inventory:

Hand Weapons
 a - a +1 mace (weapon)
Missiles
 n - 11 poisoned darts (quivered)
Armour
 b - a +0 leather armour (worn)
 i - a +2 kite shield
 j - a +1 pair of gloves (worn)
 o - a +0 pair of boots (worn)
Jewellery
 p - a cursed amulet of inaccuracy {unknown}
Scrolls
 d - a scroll of immolation {unknown}
 e - 2 scrolls of blinking {unknown}
 f - a scroll of amnesia {unknown}
 g - 3 scrolls of teleportation {unknown}
 h - a scroll of fog {unknown}
 k - 2 scrolls of remove curse {unknown}
 l - 3 scrolls of identify {unknown}
 m - a scroll of enchant armour {unknown}
 u - 2 scrolls of magic mapping {unknown}
 w - a scroll of enchant weapon {unknown}
Potions
 c - 2 potions of flight {unknown}
 q - a potion of invisibility {unknown}
 r - a potion of degeneration {unknown}
 s - a potion of haste {unknown}
 t - a potion of mutation {unknown}
 v - a potion of lignification {unknown}


   Skills:
 + Level 4.0 Fighting
 * Level 3.5 Maces & Flails
 + Level 0.6 Throwing
 + Level 3.1 Armour
 + Level 1.1 Dodging
 + Level 0.9 Stealth
 * Level 1.2 Shields
 + Level 2.1 Invocations


You had 4 spell levels left.
You didn't know any spells.
Your spell library contained the following spells:

 Spells                   Type           Power        Failure   Level
 Confusing Touch          Hex            #.......     77%         3
 Gell's Gravitas          Tloc           #.........   77%         3
 Petrify                  Tmut/Erth      #.......     99%         4
 Metabolic Englaciation   Hex/Ice        #.........   100%        5
 Yara's Violent Unravell  Hex/Tmut       #.........   100%        5


Dungeon Overview and Level Annotations

Branches:
Dungeon (4/15)
 Temple: D:4-7

Altars:

Annotations:
D:4 Robin


Innate Abilities, Weirdness & Mutations

You cannot be hasted, slowed, berserked, paralysed or teleported.
You can dig through walls and to a lower floor.
Your four strong arms can wield two-handed weapons with a shield.
You have a pair of large antennae on your head. (SInv)


Message History

Unknown command.
You hit Robin.
Robin is moderately wounded.
Robin hits you with a +0 trident! Robin barely misses you.
You barely miss Robin.
Robin is moderately wounded.
Robin hits you with a +0 trident.
* * * LOW HITPOINT WARNING * * *
You hit Robin.
Robin is moderately wounded.
Robin barely misses you.
Unknown command.
You aren't carrying any items that you can evoke.
Unknown command.
Okay, then.
Okay, then.
Robin hits you from afar with a +0 trident.
* * * LOW HITPOINT WARNING * * *
Robin zaps a wand.
The puff of flame hits you!
You die...

#......###.###+## #.##.##.##
#..........##...## #.##.##.#
#.##########.....###.##.##.#
#.##.## ##.......##.......#
#.#...####.........####...##
.........+.........+.......#
#.#...####.........####...##
#.##.## ##.....<(## #..##
#.##########...>@## #.#####
#.# #...........## #.....#
#.###.#######.(## #####.#
....#.# #.g######## #.#
#.#.#.#######.........# #.#
###.#..............##.# #.#
#.#...........##.##.# #.#
#.#............#.##.#####.#
#.............##..........#


You could see Robin.

Vanquished Creatures
  A bullfrog skeleton (D:4)
  3 adders (D:2)
  An ooze (D:2)
  2 worms (D:2)
  A dart slug (D:1)
  A leopard gecko (D:2)
  An orc (D:4)
  6 bats
  A giant cockroach (D:4)
  13 goblins
  5 hobgoblins
  7 jackals (D:2)
  4 kobolds
  A ball python skeleton (D:4)
  2 frilled lizards
  5 rats
54 creatures vanquished.

Notes
Turn   | Place    | Note
-------+----------+-------------------------------------------
     0 | Abyss:1  | marklar909 the Formicid Abyssal Knight began the quest for
                  | the Orb.
     0 | Abyss:1  | Reached XP level 1. HP: 18/18 MP: 2/2
    22 | Abyss:1  | Noticed a spatial vortex
    22 | Abyss:1  | Noticed a spatial vortex
    22 | Abyss:1  | Noticed a spatial vortex
    23 | D:1      | Escaped the Abyss
   345 | D:1      | Reached XP level 2. HP: 23/24 MP: 3/3
   562 | D:1      | Reached * piety under Lugonu
  1065 | D:2      | Reached skill level 1 in Dodging
  1316 | D:2      | Reached XP level 3. HP: 30/30 MP: 4/4
  1773 | D:2      | Reached XP level 4. HP: 18/37 MP: 5/5
  2901 | D:4      | Reached skill level 4 in Fighting
  2901 | D:4      | Reached skill level 1 in Shields
  2901 | D:4      | Reached XP level 5. HP: 27/42 MP: 6/6
  3112 | D:4      | Noticed Robin
  3154 | D:4      | Reached ** piety under Lugonu
  3554 | D:4      | Killed from afar by Robin

Illustrated notes

Levels and vault maps discovered:
D:1:      co_arrival_random_square_maze, layout_loops_ring
D:2:      layout_loops_ring
D:3:      minmay_octagon_keep, layout_loops_cross, minmay_misc_feat_pillars
D:4:      layout_loops_corners, portal_sewer_entry_f, minmay_mini_jars,
          uniq_eustachio, uniq_robin

Skill      XL: |  1  2  3  4 |
---------------+-------------+-----
Dodging        | 1 |  1.1
Maces & Flails | 3 |  3.5
Armour         | 3 |  3.1
Fighting       | 4 |  4.0
Shields        | 1 |  1.2
Throwing       | |  0.6
Stealth        | |  0.9
Invocations    | |  2.1

Action                   |  1- 3 |  4- 6 || total
-------------------------+-------+-------++-------
Melee: Mace              |    85 |    87 ||   172
       Whip              |       |    10 ||    10
Throw: Dart              |     6 |    10 ||    16
Invok: Depart the Abyss  |     1 |       ||     1
 Abil: Dig               |       |     1 ||     1
Armor: Leather armour    |    30 |    40 ||    70
Dodge: Dodged            |    55 |    63 ||   118

Table legend: (Time is in decaauts)
 A = Elapsed time spent in this place.
 B = Non-inter-level travel time spent in this place.
 C = Inter-level travel time spent in this place.
 D = Time resting spent in this place.
 E = Time spent auto-exploring this place.
 F = Levels seen in this place.
 G = Mean time per level.
                   A        B        C        D        E       F      G
               +--------+--------+--------+--------+--------+-----+--------+
         Total |   3598 |   3257 |    341 |    891 |   1876 |   5 |  719.6 |
       Dungeon |   3575 |   3234 |    341 |    891 |   1860 |   4 |  893.8 |
         Abyss |     23 |     23 |      0 |      0 |     16 |   1 |   23.0 |
               +--------+--------+--------+--------+--------+-----+--------+

Top non-repeatable levels by time:
     D:2: 1256 daAuts
     D:1: 1030 daAuts
     D:3: 921 daAuts
     D:4: 366 daAuts
 Abyss:1: 23 daAuts
